 Dungeon Crawl Stone Soup version 0.27.1-34-g3ba077fa99 (webtiles) character file.

Game seed: 17712677969495567195

4 comborobin the Sneak (level 1, -3/17 HPs)
             Began as a Vampire Delver on Jan 8, 2022.
             Slain by an orc (7 damage)
             ... on level 4 of the Dungeon.
             The game lasted 00:00:42 (223 turns).

comborobin the Sneak (Vampire Delver)                Turns: 223, Time: 00:00:43

Health: -3/17      AC:  3    Str: 11    XL:     1   Next: 50%
Magic:  1/1        EV: 12    Int: 12    God:
Gold:   4          SH:  0    Dex: 15    Spells: 0/0 levels left

rFire    + . .     SeeInvis +     - Unarmed
rCold    . . .     Faith    .   (no shield)
rNeg     + . .     Spirit   .   a - +0 leather armour
rPois    .         Reflect  .   (no helmet)
rElec    .         Harm     .   (no cloak)
rCorr    .         Rampage  .   (no gloves)
Will     .....                  (no boots)
Stlth    +++.......             (no amulet)
HPRegen  0.25/turn              g - ring of positive energy
MPRegen  0.07/turn              i - ring of protection from fire

@: healing quickly
A: alive, fangs 3, see invisible, vampiric 1
a: Exsanguinate


You were on level 4 of the Dungeon.
You visited 1 branch of the dungeon, and saw 3 of its levels.

You collected 4 gold pieces.

Inventory:

Armour
 a - a +0 leather armour (worn)
Jewellery
 g - a ring of positive energy (left hand)
 i - a ring of protection from fire (right hand)
Wands
 f - a wand of digging (3)
Scrolls
 b - a scroll of fog
 c - a scroll of enchant armour {unknown}
 d - a scroll of fear
 e - a scroll of amnesia {unknown}


   Skills:
 + Level 2.8 Fighting
 + Level 2.1 Dodging
 + Level 7.4 Stealth
 + Level 2.1 Unarmed Combat


You couldn't memorise any spells.
You didn't know any spells.
Your spell library was empty.

Dungeon Overview and Level Annotations

Branches:
Dungeon (6/15)
 Temple: D:4-7

Altars:
Hepliaklqana
Okawaru
Sif Muna

Annotations:
D:5 3 runed translucent doors, bronco's ghost, amateur OpVM


Innate Abilities, Weirdness & Mutations

Your natural rate of healing is accelerated.
You have razor-sharp teeth.
You have supernaturally acute eyesight. (SInv)
You are afflicted with vampirism.


Message History

You hit the orc.
You kill the orc!
The orc hits you with a +0 falchion.
You see here a +0 hand axe.
You are too injured to fight recklessly!
You closely miss the orc. The orc hits you with a +0 falchion.
The orc barely misses you. The orc closely misses you.
The orc throws a boomerang.
The boomerang barely misses you.
The orc throws a boomerang.
The boomerang hits you.
* * * LOW HITPOINT WARNING * * *
The orc throws a boomerang.
The boomerang hits you.
The orc throws a boomerang.
The boomerang hits you but does no damage.
An orc comes into view. It is wielding a +0 flail.
Found a dagger.
Throw: throwing net
Press: ? - help, Q - select action Shift-Dir - straight line, f - orc
Aim: an orc, wielding a +1 mace of holy wrath and wearing a +0 scale mail (63% to hit)
You throw a throwing net. The throwing net hits the orc.
The orc is caught in the net!
The orc struggles against the net.
The orc struggles against the net.
The orc struggles against the net.
You hit the orc but do no damage. You bite the orc, but do no damage.
The orc struggles against the net.
You catch the helpless orc completely off-guard!
You hit the orc. You bite the orc.
The orc is heavily wounded.
The orc struggles against the net.
You hit the orc but do no damage.
The orc is heavily wounded.
The orc struggles against the net.
The net rips apart, and the orc comes free!
You hit the orc but do no damage.
The orc is heavily wounded.
The orc hits you with a +1 mace of holy wrath!
* * * LOW HITPOINT WARNING * * *
You convulse!
You die...

#.# ....>. ##
#.#####...# ..
#.........# #.
##>......# #.
##.##.#.# #) #.##.#.#
#. #.##.#.#
.#####.#######....####
.........@oo........)#
8.8.##.#############.#
o #.........# #.#####
#.#######.# #.o.o.. #.
.# #...... #. #
#...... ## #######


You could see 2 orcs.

Vanquished Creatures
  2 orcs (D:4)
2 creatures vanquished.

Notes
Turn   | Place    | Note
-------+----------+-------------------------------------------
     0 | D:5      | comborobin the Vampire Delver began the quest for the Orb.
     0 | D:5      | Reached XP level 1. HP: 17/17 MP: 1/1
    25 | D:5      | Noticed bronco's ghost (amateur OpVM)
    57 | D:5      | Found an iron altar of Okawaru.
    58 | D:5      | Found a shimmering blue altar of Sif Muna.
    58 | D:5      | Found a hazy altar of Hepliaklqana.
    58 | D:5      | Noticed a black bear
   223 | D:4      | Slain by an orc

Illustrated notes

Levels and vault maps discovered:
D:4:      layout_loops_ring, eat_drink_and_be_merry_uskayaw,
          serial_co_window_serial, co_window_paths_b, co_window_paths_a,
          co_window_paths_a, co_window_cross_1, co_window_corner_a,
          co_window_of_opportunity_a, co_window_paths_b, co_window_corner_a,
          co_window_paths_a, co_window_broadway_a, co_window_unsneaky_path_c,
          co_window_of_opportunity_b, co_window_of_opportunity_b,
          co_window_broadway_b, co_window_sun, glass_columns_a, glass_columns_c,
          glass_columns_b, uniq_grinder, uniq_menkaure, uniq_blork_the_orc
D:5:      layout_cave_pools, nzn_wu_jian_contemplation,
          mainiacjoe_overflow_concentric_impassable, marbit_many_paths,
          chequers_temple_overflow_statue_of_worship, gammafunk_ghost_split
D:6:      minmay_diamond_boxcup, layout_cave_pods,
          nicolae_ru_the_path_less_chosen, mrwooster_statue_mirror,
          grunt_decor_clamped, st_stairs_12

Action                   || total
-------------------------++-------
Melee: Unarmed           ||    22
       Bite              ||     4
Throw: Throwing net      ||     1
  Use: Scroll            ||     1
       Potion            ||     1
 Stab: Held in net/web   ||     1
Armor: Leather armour    ||     3
Dodge: Dodged            ||    14
